 Dungeon Crawl Stone Soup version 0.29.1-15-g9cfb28693d (webtiles) character file.

Game seed: 5908240190119313690

68 monsoonserge the Gusty (level 4, -1/24 HPs)
             Began as a Tengu Air Elementalist on Apr 17, 2023.
             Slain by an adder (3 damage)
             ... on level 2 of the Dungeon.
             The game lasted 00:09:06 (1828 turns).

monsoonserge the Gusty (Tengu Air Elementalist)     Turns: 1828, Time: 00:09:06

Health: -1/24      AC:  2    Str:  9    XL:     4   Next: 19%
Magic:  4/8        EV:  9    Int: 17    God:
Gold:   138        SH:  0    Dex: 14    Spells: 6/7 levels left

rFire   . . .      SeeInvis .   d - +0 short sword
rCold   . . .      Faith    .   (no shield)
rNeg    . . .      Spirit   .   a - +0 robe
rPois   .          Reflect  .   (helmet restricted)
rElec   .          Harm     .   (no cloak)
rCorr   .          Rampage  .   (no gloves)
Will    .....                   (boots unavailable)
Stlth   ++........              (no amulet)
HPRegen 0.08/turn               (no ring)
MPRegen 0.11/turn               (no ring)

@: lethally poisoned (-1 -> -5), constricted
A: beak, talons 3
a: no special abilities


You were on level 2 of the Dungeon.
You visited 1 branch of the dungeon, and saw 2 of its levels.

You collected 138 gold pieces.

Inventory:

Hand Weapons
 c - a +0 dagger
 d - a +0 short sword (weapon)
 n - a +0 hand axe
 q - a +0 sling
Missiles
 e - 16 stones (quivered)
 u - 4 poisoned darts
Armour
 a - a +0 robe (worn)
 o - a +0 chain mail
Jewellery
 m - an amulet of guardian spirit
Scrolls
 i - a scroll of noise {unknown}
 j - a scroll of immolation {unknown}
 l - a scroll of teleportation {unknown}
 p - a scroll of magic mapping {unknown}
 r - a scroll of poison {unknown}
 s - a scroll of brand weapon {unknown}
Potions
 b - a potion of magic
 f - a potion of haste {unknown}
 g - a potion of curing {unknown}
 h - a potion of brilliance {unknown}
 k - a potion of attraction {unknown}
 t - a potion of lignification {unknown}


   Skills:
 + Level 0.1 Fighting
 + Level 2.4 Dodging
 - Level 2.0 Stealth
 + Level 2.3 Spellcasting
 - Level 2.0 Conjurations
 + Level 5.8 Air Magic


You had 6 spell levels left.
You knew the following spells:

 Your Spells              Type           Power      Damage    Failure   Level
a - Shock                 Conj/Air       60%        1d6       3%          1

Your spell library contained the following spells:

 Spells                   Type           Power      Damage    Failure   Level
 Swiftness                Air            21%        N/A       4%          3
 Static Discharge         Conj/Air       15%        3-5/arc   5%          2
 Airstrike                Air            10%        2d(2-18)  17%         4


Dungeon Overview and Level Annotations

Branches:
Dungeon (2/15)

Altars:
The Shining One

Shops:
D:2 (


Innate Abilities, Weirdness & Mutations

You have a beak for a mouth.
You have claws for feet.


Message History

Confirm with . or Enter, or press ? or * to list all spells.
Aiming: Shock (safe; 3% risk of failure)
Press: ? - help, Shift-Dir - straight line, f - ball python
Aim: a ball python (constricting you, 68% to hit)
The zap misses the ball python.
You feel sick. The ball python barely misses you.
The ball python constricts you. The adder bites you but does no damage.
Casting: Shock (safe; 3% risk of failure)
Confirm with . or Enter, or press ? or * to list all spells.
Aiming: Shock (safe; 3% risk of failure)
Press: ? - help, Shift-Dir - straight line, f/p - ball python
Aim: a ball python (constricting you, 68% to hit)
The zap hits the ball python.
The ball python is severely wounded.
You feel sick. The adder bites you.
You are more poisoned.
The adder poisons you! The ball python closely misses you.
The ball python constricts you.
Casting: Shock (safe; 3% risk of failure)
Confirm with . or Enter, or press ? or * to list all spells.
Aiming: Shock (safe; 3% risk of failure)
Press: ? - help, Shift-Dir - straight line, f/p - ball python
Aim: a ball python (severely wounded, constricting you, 68% to hit)
The zap misses the ball python.
You feel sick. The adder barely misses you. The ball python bites you.
The ball python constricts you.
* * * LOW HITPOINT WARNING * * *
Unknown command.
Casting: Shock (safe; 3% risk of failure)
Confirm with . or Enter, or press ? or * to list all spells.
Aiming: Shock (safe; 3% risk of failure)
Press: ? - help, Shift-Dir - straight line, f/p - ball python
Aim: a ball python (severely wounded, constricting you, 68% to hit)
The zap misses the ball python.
* * * LOW HITPOINT WARNING * * *
You feel sick. The adder bites you.
* * * LOW HITPOINT WARNING * * *
The ball python bites you.
* * * LOW HITPOINT WARNING * * *
The ball python constricts you. The adder bites you.
You die...

#####..### #.#....#####...
#......#####.#.##.##......
#.###.#.)....#.##.##.#....
#.#......#.##....#....
#.#.....##.####.##....
#.#.....##.# ...#....
#.#.....##.# ###.#....
..#.>...##. .#....
.##..@^.# #.#.... #.SS..#
#...... #)....# ##.....
.B...)†#....# ######
...######..## # ..## ...
#... #...


You could see an adder and a ball python.

Vanquished Creatures
  A gnoll (D:1)
  An adder (D:1)
  A worm (D:2)
  3 ball pythons
  5 endoplasms
  3 giant cockroaches
  7 goblins
  3 hobgoblins
  2 jackals (D:1)
  2 kobolds (D:1)
  6 bats
  5 rats
39 creatures vanquished.

Notes
Turn   | Place    | Note
-------+----------+-------------------------------------------
     0 | D:1      | monsoonserge the Tengu Air Elementalist began the quest for
                  | the Orb.
     0 | D:1      | Reached XP level 1. HP: 10/10 MP: 4/4
   106 | D:1      | Reached XP level 2. HP: 15/15 MP: 0/6
   437 | D:1      | Reached skill level 5 in Air Magic
   788 | D:1      | Reached XP level 3. HP: 16/19 MP: 0/7
  1084 | D:1      | Found a glowing golden altar of the Shining One.
  1234 | D:2      | Found Kiuv's Weapon Shoppe.
  1639 | D:2      | Found a faded altar of an unknown god.
  1647 | D:2      | Reached XP level 4. HP: 24/24 MP: 2/8
  1828 | D:2      | Slain by an adder

Illustrated notes

Levels and vault maps discovered:
D:1:      dpeg_arrival_water_altar, layout_basic
D:2:      layout_rooms, nicolae_ecumenical_snake_handling, serial_shops,
          nicolae_shop_bloodbath_and_beyond

Skill      XL: |  1  2  3 |
---------------+----------+-----
Air Magic      | 5 |  5.8
Conjurations   | 2 |  2.0
Fighting       | |  0.1
Dodging        | |  2.4
Stealth        | |  2.0
Spellcasting   | |  2.3

Action                   |  1- 3 |  4- 6 || total
-------------------------+-------+-------++-------
Melee: Dagger            |     6 |       ||     6
       Kick              |     6 |     1 ||     7
       Peck              |     5 |       ||     5
       Short sword       |    16 |     4 ||    20
Throw: Stone             |     5 |       ||     5
 Cast: Shock             |    82 |     6 ||    88
Armor: Robe              |     5 |     2 ||     7
Dodge: Dodged            |    24 |    11 ||    35
